 Dungeon Crawl Stone Soup version 0.31-a0-1204-ge2c1a860ed (webtiles) character file.

Game seed: 15240133091426770099

326438 jlumianski the Black Belt (level 21, -31/168 HPs)
             Began as a Gnoll Shapeshifter on Dec 12, 2023.
             Was the Champion of Wu Jian.
             Annihilated by a titanic slime creature (72 damage)
             ... on level 3 of the Vaults on Dec 13, 2023.
             The game lasted 06:10:17 (53425 turns).

jlumianski the Black Belt (Gnoll Shapeshifter)     Turns: 53425, Time: 06:10:25

Health: -31/168    AC: 26    Str: 17    XL:     21   Next: 64%
Magic:  42/48      EV: 14    Int: 12    God:    Wu Jian [******]
Gold:   3700       SH:  0    Dex: 22    Spells: 6/49 levels left

rFire   . . .        q - +8 pair of quick blades "Gyre" and "Gimble" {protect}
rCold   . . .        (shield currently unavailable)
rNeg    + . .        z - +3 plate armour {Will+}
rPois   +            (helmet currently unavailable)
rElec   .            (cloak currently unavailable)
rCorr   +            (gloves currently unavailable)
SInv    +            (boots currently unavailable)
Will    +++..        f - amulet "Licycaw" {Rampage Regen+ Dex+2 SInv}
Stlth   ++           a - ring of the Hidden Tusks {rCorr MP+9 Dex+6 SInv}
HPRegen 1.28/turn    d - ring "Jaggamen" {rPois rN+ Will+ Dex-3 Slay+3}
MPRegen 0.31/turn

%: no passive effects
@: about to teleport, beast-form, under a protective aura, on blink cooldown
A: beast (slay +4), fangs 1, strong nose, distributed training
}: 2/15 runes: serpentine, barnacled
a: Begin Untransformation, Renounce Religion, Wall Jump, Serpent's Lash,
Heavenly Storm


You were on level 3 of the Vaults.
You worshipped Wu Jian.
Wu Jian was exalted by your worship.
You were a hulking beast.
You visited 7 branches of the dungeon, and saw 36 of its levels.
You also visited: Sewer, Bailey and Gauntlet.

You collected 5196 gold pieces.
You spent 1496 gold pieces at shops.

Inventory:

Hand Weapons
 q - the +8 pair of quick blades "Gyre" and "Gimble" (weapon) {protect}
   (You found it on level 10 of the Dungeon)
 u - the +8 Vampire's Tooth {megavamp}
   (You took it off a deep elf knight on level 3 of the Elven Halls)
 G - the +8 trishula "Condemnation" {holy, anguish, *Noise Fly rN+}
   (You took it off a deep elf zephyrmancer on level 3 of the Elven Halls)

   rN+:       It protects you from negative energy.
   Fly:       It grants you flight.
   *Noise:    It may make a loud noise when swung.
Missiles
 g - 52 boomerangs (quivered)
 o - 3 throwing nets
 s - 22 darts of dispersal
 S - 10 atropa-tipped darts
Armour
 x - a +4 plate armour of fire resistance
 z - a +3 plate armour of willpower (worn)
Jewellery
 a - the ring of the Hidden Tusks (left hand) {rCorr MP+9 Dex+6 SInv}
   (You bought it in a shop on level 2 of the Orcish Mines)

   [ring of magical power]

   Dex+6:     It affects your dexterity (+6).
   MP+9:      It affects your magic capacity (+9).
   SInv:      It lets you see invisible.
   rCorr:     It protects you from acid and corrosion.
 b - the ring "Xamaesh Caeng" {Fly rN+ Str+3 Int-4 Dex+8}
   (You took it off a deep elf elementalist on level 3 of the Elven Halls)

   [ring of flight]

   Str+3:     It affects your strength (+3).
   Int-4:     It affects your intelligence (-4).
   Dex+8:     It affects your dexterity (+8).
   rN+:       It protects you from negative energy.
   Fly:       It grants you flight.
 d - the ring "Jaggamen" (right hand) {rPois rN+ Will+ Dex-3 Slay+3}
   (You found it in a Gauntlet)

   [ring of poison resistance]

   Dex-3:     It affects your dexterity (-3).
   Slay+3:    It affects your accuracy & damage with ranged weapons and melee
   (+3).
   rPois:     It protects you from poison rN+: It protects you from negative
   energy.
   Will+:     It increases your willpower.
 f - the amulet "Licycaw" (around neck) {Rampage Regen+ Dex+2 SInv}
   (You took it off a deep elf knight on level 3 of the Elven Halls)

   [amulet of regeneration]

   Dex+2:     It affects your dexterity (+2).
   SInv:      It lets you see invisible.
   Regen+:    It increases your rate of health regeneration.
   Rampage:   It bestows one free step when moving towards enemies.
 l - a ring of protection from fire
 n - a ring of protection from cold
 y - a ring of protection from cold
 D - the ring "Duijaevi" {rPois rC+++ rCorr Str+4 Dex-4}
   (You took it off a deep elf zephyrmancer on level 3 of the Elven Halls)

   [ring of poison resistance]

   Str+4:     It affects your strength (+4).
   Dex-4:     It affects your dexterity (-4).
   rC+++:     It renders you almost immune to cold.
   rPois:     It protects you from poison rCorr: It protects you from acid and
   corrosion.
 T - a ring of willpower
 V - an amulet of reflection
Talismans
 A - a beast talisman (active)
 N - the serpent talisman "Tocammemm" {Str+3}
   (You took it off Aizul on level 2 of the Vaults)

   [serpent talisman]

   Str+3:     It affects your strength (+3).
Wands
 j - a wand of digging (17)
 m - a wand of charming (35)
 v - a wand of flame (18)
 C - a wand of light (28)
 H - a wand of roots (28)
 L - a wand of mindburst (19)
Scrolls
 c - 2 scrolls of summoning
 h - a scroll of blinking
 p - 4 scrolls of fog
 t - 6 scrolls of teleportation
 F - 6 scrolls of fear
 M - a scroll of silence
 O - a scroll of poison
 R - 3 scrolls of revelation
 W - a scroll of amnesia
Potions
 e - a potion of lignification
 i - 3 potions of enlightenment
 k - 6 potions of heal wounds
 r - 3 potions of resistance
 w - 5 potions of magic
 B - 13 potions of curing
 E - 6 potions of might
 I - a potion of brilliance
 J - 6 potions of berserk rage
 P - 2 potions of invisibility
 Q - 5 potions of haste
 Z - 2 potions of mutation
Miscellaneous
 K - a lightning rod (4/4)
 U - a phantom mirror
 X - a box of beasts
 Y - a condenser vane (inert)


   Skills:
 + Level 15.0 Fighting
 + Level 14.8 Short Blades
 + Level 14.8 Long Blades
 + Level 14.8 Axes
 + Level 14.8 Maces & Flails
 + Level 14.8 Polearms
 + Level 14.8 Staves
 + Level 14.8 Ranged Weapons
 + Level 14.8 Throwing
 + Level 14.8 Armour
 + Level 15.4 Dodging
 + Level 14.8 Stealth
 + Level 14.8 Shields
 + Level 16.0 Unarmed Combat
 + Level 14.8 Spellcasting
 + Level 12.5 Conjurations
 + Level 12.5 Hexes
 + Level 12.5 Summonings
 + Level 12.5 Necromancy
 + Level 12.5 Translocations
 + Level 12.5 Transmutations
 + Level 12.5 Fire Magic
 + Level 12.5 Ice Magic
 + Level 12.5 Air Magic
 + Level 12.5 Earth Magic
 + Level 12.5 Poison Magic
 + Level 16.0 Invocations
 + Level 14.8 Evocations
 + Level 15.0 Shapeshifting


You had 6 spell levels left.
You knew the following spells:

 Your Spells              Type           Power      Damage    Failure   Level
a - Tukima's Dance        Hex            39%        N/A       1%          3
b - Frozen Ramparts       Ice            78%        1d12      1%          3
c - Volatile Blastmotes   Fire/Tloc      78%        2d16      1%          3
d - Dazzling Flash        Conj/Hex       78%        N/A       1%          3
e - Summon Forest         Summ/Tloc      19%        N/A       19%         5
f - Silence               Hex/Air        19%        N/A       19%         5
g - Mephitic Cloud        Conj/Pois/Air  39%        N/A       1%          3
h - Ignite Poison         Fire/Tmut/Pois 39%        N/A       1%          3
i - Passage of Golubria   Tloc           39%        N/A       7%          4
j - Blink                 Tloc           78%        N/A       1%          2
k - Call Canine Familiar  Summ           39%        N/A       1%          3
l - Lesser Beckoning      Tloc           78%        N/A       1%          2
m - Vhi's Electric Charg  Tloc/Air       78%        N/A       7%          4

Your spell library contained the following spells:

 Spells                   Type           Power      Damage    Failure   Level
 Apportation              Tloc           78%        N/A       1%          1
 Freeze                   Ice            100%       1d10      1%          1
 Magic Dart               Conj           100%       1d8       1%          1
 Necrotise                Necr           100%       1d9       1%          1
 Sandblast                Erth           78%        2d17      1%          1
 Slow                     Hex            100%       N/A       1%          1
 Summon Small Mammal      Summ           100%       N/A       1%          1
 Call Imp                 Summ           78%        N/A       1%          2
 Cigotuvi's Dreadful Rot  Necr/Pois/Air  78%        N/A       1%          2
 Jinxbite                 Hex            78%        N/A       1%          2
 Passwall                 Tmut/Erth      32%        N/A       1%          2
 Searing Ray              Conj           78%        2d7       1%          2
 Static Discharge         Conj/Air       78%        3-7/arc   1%          2
 Gell's Gravitas          Tloc           39%        N/A       1%          3
 Hailstorm                Conj/Ice       39%        3d9       1%          3
 Ozocubu's Armour         Ice            39%        N/A       1%          3
 Sigil of Binding         Hex            39%        N/A       1%          3
 Stone Arrow              Conj/Erth      78%        3d11      1%          3
 Summon Guardian Golem    Hex/Summ       39%        N/A       1%          3
 Teleport Other           Tloc           39%        N/A       1%          3
 Animate Dead             Necr           39%        N/A       7%          4
 Brom's Barrelling Bould  Conj/Erth      39%        2d6       7%          4
 Cause Fear               Hex            19%        N/A       7%          4
 Dimensional Bullseye     Hex/Tloc       19%        N/A       7%          4
 Flame Wave               Conj/Fire      39%        2d11      7%          4
 Fulminant Prism          Conj/Hex       19%        3d10      7%          4
 Iskenderun's Mystic Bla  Conj/Tloc      39%        2d9       7%          4
 Leda's Liquefaction      Hex/Erth       19%        N/A       7%          4
 Manifold Assault         Tloc           39%        N/A       7%          4
 Petrify                  Tmut/Erth      39%        N/A       7%          4
 Sticky Flame             Conj/Fire      39%        2d6       7%          4
 Agony                    Necr           39%        N/A       19%         5
 Alistair's Intoxication  Tmut/Pois      26%        N/A       19%         5
 Arcjolt                  Conj/Air       19%        1d29      19%         5
 Fireball                 Conj/Fire      19%        3d9       19%         5
 Freezing Cloud           Conj/Ice/Air   19%        6-21      19%         5
 Iskenderun's Battlesphe  Conj           39%        2d9       19%         5
 Metabolic Englaciation   Hex/Ice        19%        N/A       19%         5
 Yara's Violent Unravell  Hex/Tmut       19%        3d9       19%         5
 Bombard                  Conj/Erth      19%        9d4       71%         6
 Dispersal                Tloc           19%        N/A       71%         6
 Plasma Beam              Fire/Air       19%        2x1d31    71%         6
 Starburst                Conj/Fire      19%        6d7       71%         6
 Summon Cactus Giant      Summ           19%        N/A       71%         6
 Haunt                    Necr/Summ      19%        N/A       99%         7
 Malign Gateway           Summ/Tloc      19%        N/A       99%         7
 Monstrous Menagerie      Summ           19%        N/A       99%         7
 Ozocubu's Refrigeration  Ice            19%        4d11      99%         7
 Spellforged Servitor     Conj/Summ      19%        N/A       99%         7
 Summon Hydra             Summ           19%        N/A       99%         7
 Ignition                 Fire           19%        3d7       100%        8
 Infestation              Necr           19%        N/A       100%        8
 Summon Horrible Things   Summ           19%        N/A       100%        8
 Chain Lightning          Conj/Air       19%        3d26      100%        9
 Dragon's Call            Summ           19%        N/A       100%        9
 Fire Storm               Conj/Fire      19%        8d5       100%        9
 Shatter                  Erth           19%        3d18*     100%        9


Dungeon Overview and Level Annotations

Branches:
Dungeon (15/15)            Temple (0/1) D:7            Lair (5/5) D:8
 Shoals (4/4) Lair:3        Snake (4/4) Lair:2        Slime (0/5) Lair:5
    Orc (2/2) D:12            Elf (3/3) Orc:2        Vaults (3/5) D:14
 Depths (0/4) D:15          Sewer (visited)          Bailey (visited)
Gauntlet (visited)
  Crypt: Vaults:2-3

Altars:
Dithmenos
Fedhas
Gozag
Trog
Vehumet
Wu Jian
Xom
Yredelemnul

Shops:
D:9 ?   D:15 *   Orc:2 [(**=   Elf:3 [   Snake:2 *   Snake:3 =:=   Vaults:2 (

Portals:
Trove: D:13 (give horn of Geryon)


Innate Abilities, Weirdness & Mutations

You are a hulking beast.
Your limbs bulge with bestial killing power. (Slay +4)
You have very sharp teeth.
Your uncanny sense of smell can sniff out nearby items.
Your experience applies equally to all skills.


Message History

The blast of flame hits you!
* * * LOW HITPOINT WARNING * * *
The vault sentinel is engulfed in acidic fog.
The acid corrodes the vault sentinel!
You kill the vault sentinel!
The Council accepts your kill.
Press: ? - help, v - describe, . - travel
Here: a titanic slime creature (thunder, moderately wounded, sheltered from injuries, lightly drained)
The floor.
Casting: Tukima's Dance (safe; 1% risk of failure)
Confirm with . or Enter, or press ? or * to list all spells.
You blink.
The necromancer is engulfed in freezing vapours.
The necromancer points at you and mumbles some strange words.
You resist with almost no effort.
The ironbound thunderhulk is engulfed in acidic fog.
The ironbound thunderhulk seems to be corroded for longer.
Casting: Blink (safe; 1% risk of failure)
Confirm with . or Enter, or press ? or * to list all spells.
You ignite the poison in your surroundings!
The titanic slime creature is engulfed in a thunderstorm.
The ironbound thunderhulk hits you but does no damage.
The necromancer is engulfed in freezing vapours.
The necromancer casts a spell at you. The bolt of negative energy misses you.
You hit the ironbound thunderhulk.
You barely miss the ironbound thunderhulk.
You impale the ironbound thunderhulk!! You puncture the ironbound thunderhulk!
The ironbound thunderhulk is severely wounded.
The titanic slime creature is engulfed in negative energy.
The necromancer is engulfed in freezing vapours.
The necromancer gestures wildly while chanting.
The necromancer binds the souls of nearby monsters.
As you read the scroll of teleportation, it crumbles to dust.
You feel strangely unstable.
The ironbound thunderhulk hits you with a +0 dire flail!
* * * LOW HITPOINT WARNING * * *
The titanic slime creature is engulfed in blazing flames.
The titanic slime creature hits you!!!!
You die...

#.# #.. #..# #.#
#..##..# ..# #..)...#
..###+ #####)####
..+..##+ #.§##).#
..#....#####k§##..###
))'..ppT.Zppp§§§>..)#
.##...ZpZ#☼§§.§JO...+
###......###..##h.###
# #......# #..##..#
####''#+#####+#####
..............
..............
..............
..............
..............
##############


You could see an ironbound preserver (soul bound), an ironbound thunderhulk
(soul bound, corroded), a death knight (soul bound, sheltered), a titanic slime
creature (soul bound, drained), a lindwurm (soul bound), a necromancer
(sheltered) and a necromancer skeleton.

Vanquished Creatures
  Vashnia (Snake:2)
  Norris (Elf:1)
  A deep elf blademaster (Elf:2)
  2 deep elf master archers (Elf:3)
  Asterion (Snake:2)
  The ghost of Pistre the Brawler, an adept DrMo of Ru (Snake:3)
  Frances (D:12)
  3 krakens (Shoals:1)
  Agnes (Snake:1)
  Kirke (D:13)
  Donald (Shoals:4)
  Ilsuiw (Shoals:2)
  Aizul (Vaults:2)
  The ghost of Anonymone the Arsonist, an adept DsVM of Vehumet (Snake:1)
  6 nagarajas
  A fire giant (Vaults:2)
  2 deep elf sorcerers (Elf:3)
  5 vault wardens
  5 deep elf elementalists (Elf:3)
  5 ironbound preservers
  2 war gargoyles
  2 orc warlords
  4 ironbound thunderhulks
  5 deep elf demonologists
  25 dire elephants
  A minotaur (Gauntlet)
  Azrael (Snake:1)
  7 deep elf annihilators
  3 deep elf death magi
  9 merfolk impalers
  7 merfolk javelineers
  A crystal guardian (Vaults:2)
  3 entropy weavers
  2 deep elf high priests (Elf:3)
  6 yaktaur captains
  Fannar (D:12)
  2 great orbs of eyes (Vaults:2)
  A great orb of eyes (shapeshifter) (Elf:2)
  3 vault guards
  Erolcha (D:11)
  A peacekeeper (Vaults:2)
  A rakshasa (D:15)
  7 hydras
  9 anacondas
  An ogre mage (D:15)
  An alligator snapping turtle (Shoals:4)
  7 centaur warriors
  3 ironbound frosthearts
  8 merfolk avatars
  8 merfolk aquamancers
  9 boulder beetles
  6 two-headed ogres
  2 satyrs (Shoals:3)
  A death knight (Vaults:3)
  17 naga warriors
  4 shock serpents
  24 dancing weapons
  4 death yaks
  2 orc high priests (Orc:2)
  9 naga sharpshooters
  13 deep elf knights
  7 skysharks
  12 deep trolls
  2 salamander mystics
  2 spectral anacondas
  11 naga ritualists
  9 deep elf archers
  An obsidian statue (Lair:5)
  3 arcanists
  4 lindwurms (Vaults:2)
  25 deep elf zephyrmancers
  9 sea snakes
  9 ironbound convokers
  Pikel (D:3)
  10 harpies
  5 necromancers
  11 orc knights
  8 mana vipers
  16 ugly things
  3 orc sorcerers
  26 deep elf pyromancers
  17 salamanders
  15 fauns
  An oklob plant (Snake:1)
  2 moths of wrath (Snake:1)
  17 manticores
  Maurice (D:7)
  8 cyclopes
  5 elephants (Lair:5)
  A nameless horror (Vaults:1)
  A kobold blastminer (Orc:2)
  2 centaur zombies (D:15)
  8 guardian serpents
  26 slime creatures
  8 vault sentinels
  A black mamba (shapeshifter) (D:13)
  18 merfolk sirens
  22 naga magi
  2 water nymphs
  34 black mambas
  12 cane toads
  A centaur skeleton (D:15)
  2 gargoyles (D:11)
  A spectral sea snake (Snake:4)
  17 komodo dragons
  2 unseen horrors
  8 yaktaurs
  2 rime drakes
  An efreet (D:15)
  A freezing wraith (D:12)
  4 anaconda simulacra (Snake:4)
  8 trolls
  2 tengu conjurers
  41 merfolk
  A meliai (shapeshifter) (Elf:1)
  2 polar bears
  Grinder (D:3)
  7 wind drakes
  3 saltlings (Vaults:1)
  4 hornets
  2 spectral guardian serpents (Snake:4)
  4 dream sheep
  12 snapping turtles
  15 blink frogs
  A glass eye (shapeshifter) (D:12)
  5 flying skulls (Gauntlet)
  5 shadows (Gauntlet)
  4 air elementals (Elf:3)
  A culicivora (Vaults:1)
  19 water elementals
  A vampire (D:13)
  A spriggan (shapeshifter) (D:14)
  Eustachio (D:6)
  A spriggan (D:10)
  3 basilisks
  5 wraiths
  Grum (D:11)
  86 yaks
  2 hogs (D:13)
  A wyvern (Lair:3)
  2 steam dragons (D:8)
  2 death yak simulacra (Lair:5)
  9 fire elementals
  2 redbacks (Vaults:1)
  4 vampire mosquitoes
  4 wargs (Orc:2)
  54 nagas
  An acid dragon (D:10)
  A warg (shapeshifter) (D:14)
  2 hell hounds (Snake:1)
  2 guardian serpent simulacra (Snake:4)
  2 naga skeletons (Snake:4)
  17 water moccasins
  28 orc warriors
  2 sky beasts
  3 black bears
  5 boggarts
  11 ogres
  34 wolves
  2 elephant skeletons (Lair:5)
  9 centaurs
  2 kobold brigands
  12 bullfrogs
  7 earth elementals
  2 gnoll sergeants
  5 scorpions
  12 wights
  An elephant simulacrum (Lair:5)
  4 spectral nagas (Snake:4)
  15 killer bees
  An electric eel (Lair:4)
  A hound (D:4)
  Crazy Yiuf (D:5)
  8 orc priests
  2 gnoll boudas
  4 jellies
  Jessica (D:2)
  Terence (D:2)
  6 hell rats
  2 sleepcaps
  An iguana (D:8)
  15 orc wizards
  A boggart simulacrum (D:15)
  Robin (D:2)
  25 gnolls
  7 adders
  3 naga simulacra (Snake:4)
  2 shadow imps
  A white imp (D:6)
  2 ufetubi (D:6)
  3 dart slugs
  77 orcs
  10 ball pythons
  4 endoplasms
  11 giant cockroaches
  6 hobgoblins
  5 jackals
  24 kobolds
  8 quokkas
  A bat (D:2)
  14 frilled lizards
  9 goblins
  6 rats
  A butterfly (Lair:5)
  12 tentacles (Shoals:1)
1449 creatures vanquished.

Vanquished Creatures (others)
  An ironbound frostheart (Vaults:1)
  A merfolk aquamancer (Shoals:4)
  A deep elf zephyrmancer (Elf:2)
  A snaplasher vine (D:12)
  39 tentacles (Shoals:1)
43 creatures vanquished.

Grand Total: 1492 creatures vanquished

Notes
Turn   | Place    | Note
-------+----------+-------------------------------------------
     0 | D:1      | jlumianski the Gnoll Shapeshifter began the quest for the
                  | Orb.
     0 | D:1      | Reached XP level 1. HP: 17/17 MP: 1/1
   324 | D:1      | Reached XP level 2. HP: 16/23 MP: 2/2
   411 | D:1      | Found a faded altar of an unknown god.
   810 | D:2      | Found a basalt altar of Yredelemnul.
  1169 | D:2      | Reached skill level 1 in Short Blades
  1169 | D:2      | Reached skill level 1 in Long Blades
  1169 | D:2      | Reached skill level 1 in Axes
  1169 | D:2      | Reached skill level 1 in Maces & Flails
  1169 | D:2      | Reached skill level 1 in Polearms
  1169 | D:2      | Reached skill level 1 in Staves
  1169 | D:2      | Reached skill level 1 in Ranged Weapons
  1169 | D:2      | Reached skill level 1 in Throwing
  1169 | D:2      | Reached skill level 1 in Armour
  1169 | D:2      | Reached skill level 1 in Stealth
  1169 | D:2      | Reached skill level 1 in Shields
  1169 | D:2      | Reached skill level 1 in Spellcasting
  1169 | D:2      | Reached skill level 1 in Invocations
  1169 | D:2      | Reached skill level 1 in Evocations
  1169 | D:2      | Reached XP level 3. HP: 26/28 MP: 2/4
  1320 | D:2      | Reached XP level 4. HP: 14/34 MP: 5/5
  1511 | D:2      | Noticed Jessica
  1515 | D:2      | Killed Jessica
  1516 | D:2      | Reached skill level 1 in Conjurations
  1516 | D:2      | Reached skill level 1 in Hexes
  1516 | D:2      | Reached skill level 1 in Summonings
  1516 | D:2      | Reached skill level 1 in Necromancy
  1516 | D:2      | Reached skill level 1 in Translocations
  1516 | D:2      | Reached skill level 1 in Transmutations
  1516 | D:2      | Reached skill level 1 in Fire Magic
  1516 | D:2      | Reached skill level 1 in Ice Magic
  1516 | D:2      | Reached skill level 1 in Air Magic
  1516 | D:2      | Reached skill level 1 in Earth Magic
  1516 | D:2      | Reached skill level 1 in Poison Magic
  2140 | D:2      | Reached XP level 5. HP: 33/40 MP: 5/7
  2440 | D:4      | Found a radiant altar of Vehumet.
  2440 | D:4      | Found an ornate altar of the Wu Jian Council.
  2453 | D:4      | Became a worshipper of the Wu Jian Council
  2575 | D:3      | Noticed Grinder
  2704 | D:3      | Killed Grinder
  2705 | D:3      | Reached skill level 5 in Dodging
  2705 | D:3      | Reached XP level 6. HP: 30/47 MP: 7/9
  2811 | D:3      | Noticed Terence
  2835 | D:3      | Noticed Robin
  2860 | D:2      | Killed Robin
  2876 | D:2      | Killed Terence
  2877 | D:2      | Reached XP level 7. HP: 51/52 MP: 10/10
  2958 | D:3      | Reached * piety under Wu Jian
  2986 | D:4      | Noticed Pikel
  3002 | D:3      | Killed Pikel
  3003 | D:3      | Reached XP level 8. HP: 60/60 MP: 10/12
  3279 | D:5      | Entered Level 5 of the Dungeon
  3977 | D:6      | Found a glowing drain.
  4022 | Sewer    | Entered a sewer
  4099 | Sewer    | Reached ** piety under Wu Jian
  4402 | D:7      | Found a flagged portal.
  4417 | D:7      | Reached XP level 9. HP: 57/66 MP: 14/14
  4487 | Bailey   | Entered a bailey
  4492 | Bailey   | Learned a level 3 spell: Tukima's Dance
  4517 | Bailey   | Reached skill level 5 in Fighting
  4671 | Bailey   | Noticed an orc knight
  4692 | Bailey   | Killed an orc knight
  4693 | Bailey   | Reached skill level 5 in Invocations
  4762 | Bailey   | Reached *** piety under Wu Jian
  4763 | Bailey   | Noticed an orc knight
  4839 | Bailey   | Killed an orc knight
  4857 | Bailey   | Learned a level 3 spell: Frozen Ramparts
  4980 | Bailey   | Reached XP level 10. HP: 48/75 MP: 14/17
  5022 | Bailey   | Reached skill level 5 in Short Blades
  5022 | Bailey   | Reached skill level 5 in Long Blades
  5022 | Bailey   | Reached skill level 5 in Axes
  5022 | Bailey   | Reached skill level 5 in Maces & Flails
  5022 | Bailey   | Reached skill level 5 in Polearms
  5022 | Bailey   | Reached skill level 5 in Staves
  5022 | Bailey   | Reached skill level 5 in Ranged Weapons
  5022 | Bailey   | Reached skill level 5 in Throwing
  5022 | Bailey   | Reached skill level 5 in Armour
  5022 | Bailey   | Reached skill level 5 in Stealth
  5022 | Bailey   | Reached skill level 5 in Shields
  5022 | Bailey   | Reached skill level 5 in Spellcasting
  5022 | Bailey   | Reached skill level 5 in Evocations
  5113 | Bailey   | Learned a level 3 spell: Volatile Blastmotes
  5475 | D:5      | Found a runed translucent door.
  5476 | D:5      | Noticed Crazy Yiuf
  5489 | D:5      | Killed Crazy Yiuf
  5767 | D:6      | Noticed Eustachio
  5787 | D:6      | Killed Eustachio
  5813 | D:6      | Identified the +6 trident of Expedience {flame, rC+ rCorr
                  | Int+3}
  5946 | D:7      | Found a staircase to the Ecumenical Temple.
  6642 | D:8      | Learned a level 3 spell: Dazzling Flash
  6731 | D:7      | Noticed Maurice
  6736 | D:7      | Maurice stole 34 gold
  6742 | D:7      | Something stole the +6 trident of Expedience {flame, rC+
                  | rCorr Int+3}
  6755 | D:7      | Maurice stole a beast talisman
  6762 | D:7      | Maurice stole a ring of flight
  6765 | D:7      | Killed Maurice
  6893 | D:8      | Reached **** piety under Wu Jian
  7124 | D:8      | Reached XP level 11. HP: 37/83 MP: 17/19
  7180 | D:8      | Found a staircase to the Lair.
  7273 | D:8      | Reached skill level 5 in Conjurations
  7273 | D:8      | Reached skill level 5 in Hexes
  7273 | D:8      | Reached skill level 5 in Summonings
  7273 | D:8      | Reached skill level 5 in Necromancy
  7273 | D:8      | Reached skill level 5 in Translocations
  7273 | D:8      | Reached skill level 5 in Transmutations
  7273 | D:8      | Reached skill level 5 in Fire Magic
  7273 | D:8      | Reached skill level 5 in Ice Magic
  7273 | D:8      | Reached skill level 5 in Air Magic
  7273 | D:8      | Reached skill level 5 in Earth Magic
  7273 | D:8      | Reached skill level 5 in Poison Magic
  7566 | D:8      | Noticed a cyclops
  7930 | D:9      | Found a blossoming altar of Fedhas.
  8026 | D:8      | Noticed a seven-headed hydra
  8036 | D:8      | Killed a seven-headed hydra
  8188 | D:8      | Killed a cyclops
  8207 | D:8      | Got Ysu Ilub's Discursus on Dimensional Air
  8268 | D:8      | Reached ***** piety under Wu Jian
  8534 | D:10     | Entered Level 10 of the Dungeon
  8590 | D:10     | Noticed a two-headed ogre
  8590 | D:10     | Noticed a two-headed ogre
  8605 | D:10     | Killed a two-headed ogre
  8754 | D:10     | Killed a two-headed ogre
  8778 | D:10     | Found the +8 pair of quick blades "Gyre" and "Gimble"
                  | {protect}
  8868 | Lair:1   | Entered Level 1 of the Lair of Beasts
  9012 | D:9      | Found Jaqiffy's Magic Scroll Shop.
  9017 | D:9      | Bought a scroll of identify for 28 gold pieces
  9017 | D:9      | Bought a scroll of revelation for 105 gold pieces
  9017 | D:9      | Bought 3 scrolls of identify for 84 gold pieces
  9017 | D:9      | Bought a scroll of teleportation for 42 gold pieces
  9017 | D:9      | Bought a scroll of summoning for 133 gold pieces
  9017 | D:9      | Bought a scroll of teleportation for 42 gold pieces
  9017 | D:9      | Bought a scroll of identify for 28 gold pieces
  9017 | D:9      | Bought a scroll of enchant weapon for 105 gold pieces
  9235 | D:10     | Identified the +3 hand axe of Drought {distort, +Blink
                  | Dex+3}
  9544 | D:10     | Found a shadowy altar of Dithmenos.
  9899 | D:11     | Noticed a red ugly thing
  9905 | D:10     | Killed a red ugly thing
  9906 | D:10     | Reached XP level 12. HP: 91/91 MP: 22/22
 10357 | D:11     | Noticed Erolcha
 10360 | D:11     | Killed Erolcha
 10559 | D:11     | Reached skill level 10 in Unarmed Combat
 10583 | D:11     | Noticed a boulder beetle
 10597 | D:11     | Killed a boulder beetle
 10844 | D:12     | Noticed a boulder beetle
 11105 | D:12     | Identified the staff of Jaus {rElec rPois rC+ Ice}
 11149 | D:12     | Noticed a boulder beetle
 11167 | D:12     | Killed a boulder beetle
 11236 | D:11     | Noticed Grum
 11246 | D:11     | Killed Grum
 11372 | D:12     | Found a staircase to the Orcish Mines.
 11434 | D:12     | Noticed a boulder beetle
 11454 | D:11     | Reached XP level 13. HP: 98/99 MP: 24/24
 11574 | D:12     | Learned a level 5 spell: Summon Forest
 11622 | D:12     | Reached skill level 10 in Shapeshifting
 11920 | D:12     | Noticed Frances
 11930 | D:12     | Killed Frances
 12076 | D:13     | Found a portal to a secret trove of treasure.
 12215 | D:13     | Noticed a yaktaur captain
 12220 | D:13     | Killed a yaktaur captain
 12232 | D:13     | Learned a level 5 spell: Silence
 12273 | D:13     | Identified the +0 robe "Qonkotixky" {Dex+2 Slay+3 Archmagi}
 12388 | D:14     | Noticed Kirke
 12427 | D:13     | Killed Kirke
 12471 | D:14     | Found an opulent altar of Gozag.
 12511 | D:14     | Found a gate to the Vaults.
 12756 | D:12     | Noticed Fannar
 12760 | D:12     | Killed Fannar
 12794 | D:12     | Identified the +1 shortbow of Niota {drain, rF++ rN+++ MP+9
                  | Stlth-}
 12800 | D:12     | Got the Handbook of Reformed Impulse
 12804 | D:12     | Got Imore's Incunable of Comburant Violence
 13105 | D:14     | Reached skill level 10 in Dodging
 13114 | D:14     | Found a radiant altar of Vehumet.
 13258 | D:15     | Entered Level 15 of the Dungeon
 13379 | D:14     | Reached XP level 14. HP: 60/108 MP: 22/27
 13628 | D:14     | Reached skill level 10 in Invocations
 14512 | D:15     | Found Suanouj's Mayhem Merchandise.
 14601 | D:15     | Found a staircase to the Depths.
 15271 | Lair:1   | Learned a level 3 spell: Mephitic Cloud
 15275 | Lair:1   | Learned a level 3 spell: Ignite Poison
 15417 | Lair:1   | Reached ****** piety under Wu Jian
 15462 | Lair:1   | You fall into a shaft and drop 1 floor!
 15671 | Lair:1   | Reached skill level 10 in Fighting
 16420 | Lair:3   | Found a gate leading to a gauntlet.
 16456 | Gauntlet | Entered a Gauntlet
 16456 | Gauntlet | Found a transporter.
 16467 | Gauntlet | Found a transporter.
 16469 | Gauntlet | Found a transporter.
 16471 | Gauntlet | Found a transporter.
 16505 | Gauntlet | Found a transporter.
 16507 | Gauntlet | Found a transporter.
 16525 | Gauntlet | Found a transporter.
 16543 | Gauntlet | Found a transporter.
 16545 | Gauntlet | Found a large runed translucent door.
 16545 | Gauntlet | Found a large runed translucent door.
 16546 | Gauntlet | Found a large runed translucent door.
 16546 | Gauntlet | Found a large runed translucent door.
 16546 | Gauntlet | Noticed a cacodemon
 16547 | Gauntlet | Found a runed translucent door.
 16547 | Gauntlet | Found a large runed translucent door.
 16547 | Gauntlet | Found a large runed translucent door.
 16547 | Gauntlet | Found a runed translucent door.
 16547 | Gauntlet | Found a large runed translucent door.
 16547 | Gauntlet | Found a large runed translucent door.
 16548 | Gauntlet | Found a large runed translucent door.
 16548 | Gauntlet | Found a large runed translucent door.
 16551 | Gauntlet | Found a transporter.
 16569 | Gauntlet | Found a transporter.
 16585 | Gauntlet | Found a large runed translucent door.
 16586 | Gauntlet | Found a large runed translucent door.
 16587 | Gauntlet | Found a large runed translucent door.
 16588 | Gauntlet | Found a runed translucent gate.
 16589 | Gauntlet | Found a transporter.
 16589 | Gauntlet | Found a runed translucent gate.
 16590 | Gauntlet | Found a runed translucent gate.
 16591 | Gauntlet | Found a large runed translucent door.
 16592 | Gauntlet | Found a large runed translucent door.
 16593 | Gauntlet | Found a large runed translucent door.
 16601 | Gauntlet | Found a transporter.
 16635 | Gauntlet | Found a transporter.
 16643 | Gauntlet | Noticed a reaper
 16647 | Gauntlet | Found a transporter.
 16669 | Gauntlet | Found a transporter.
 16721 | Gauntlet | Found a transporter.
 16739 | Gauntlet | Found a transporter.
 16762 | Gauntlet | Found a transporter.
 16837 | Gauntlet | Identified the ring "Jaggamen" {rPois rN+ Will+ Dex-3
                  | Slay+3}
 16902 | Gauntlet | Reached XP level 15. HP: 88/115 MP: 28/28
 17347 | D:15     | Learned a level 4 spell: Passage of Golubria
 17429 | Orc:1    | Entered Level 1 of the Orcish Mines
 17558 | Orc:1    | Reached skill level 10 in Short Blades
 17558 | Orc:1    | Reached skill level 10 in Long Blades
 17558 | Orc:1    | Reached skill level 10 in Axes
 17558 | Orc:1    | Reached skill level 10 in Maces & Flails
 17558 | Orc:1    | Reached skill level 10 in Polearms
 17558 | Orc:1    | Reached skill level 10 in Staves
 17558 | Orc:1    | Reached skill level 10 in Ranged Weapons
 17558 | Orc:1    | Reached skill level 10 in Throwing
 17558 | Orc:1    | Reached skill level 10 in Armour
 17558 | Orc:1    | Reached skill level 10 in Stealth
 17558 | Orc:1    | Reached skill level 10 in Shields
 17558 | Orc:1    | Reached skill level 10 in Spellcasting
 17558 | Orc:1    | Reached skill level 10 in Evocations
 17857 | Orc:2    | Entered Level 2 of the Orcish Mines
 17867 | Orc:2    | Found Yloewn's Antique Armour Shop.
 18086 | Orc:2    | Found Ciucs's Antique Weapon Shoppe.
 18133 | Orc:2    | Found Quel's Overcharged Wands.
 18174 | Orc:2    | Noticed an orc warlord
 18177 | Orc:2    | Found Hacsi Otwa's Jewellery Shop.
 18188 | Orc:2    | Killed an orc warlord
 18312 | Orc:2    | Found Udeam's General Store.
 18337 | Orc:2    | Bought a scroll of identify for 20 gold pieces
 18337 | Orc:2    | Bought a scroll of identify for 20 gold pieces
 18605 | Orc:2    | Found a staircase to the Elven Halls.
 19495 | Lair:2   | Found a staircase to the Snake Pit.
 19937 | Lair:3   | Upgraded the game from 0.31-a0-1178-gc5c9b8f871 to
                  | 0.31-a0-1204-ge2c1a860ed
 20369 | Lair:3   | Found a staircase to the Shoals.
 20506 | Lair:5   | Entered Level 5 of the Lair of Beasts
 21569 | Lair:5   | Found a staircase to the Slime Pits.
 21783 | Lair:5   | Reached XP level 16. HP: 125/125 MP: 30/30
 23031 | Orc:2    | Bought the ring of the Hidden Tusks {rCorr MP+9 Dex+6 SInv}
                  | for 889 gold pieces
 23253 | Snake:1  | Entered Level 1 of the Snake Pit
 23364 | Snake:2  | Noticed a nagaraja
 23515 | Snake:2  | Killed a nagaraja
 23594 | Snake:2  | Noticed Asterion
 23606 | Snake:2  | Found Owimuos's General Store.
 23719 | Snake:1  | Found a shimmering altar of Xom.
 23751 | Snake:1  | Found a bloodstained altar of Trog.
 23768 | Snake:1  | Noticed Anonymone's ghost (adept DsVM)
 23775 | Snake:1  | Found a transporter.
 23779 | Snake:1  | Found a transporter.
 23794 | Snake:1  | Noticed Azrael
 23800 | Snake:1  | Killed Azrael
 24283 | Snake:1  | Noticed Agnes
 24288 | Snake:1  | HP: 4/127 [Agnes/+2 lajatang of speed (18)]
 24292 | Snake:1  | Killed Agnes
 24827 | Snake:1  | Killed Anonymone's ghost
 24829 | Snake:1  | Reached XP level 17. HP: 93/133 MP: 0/32
 25502 | Snake:2  | Killed Asterion
 25948 | Snake:4  | Entered Level 4 of the Snake Pit
 26074 | Snake:3  | Reached skill level 10 in Conjurations
 26074 | Snake:3  | Reached skill level 10 in Hexes
 26074 | Snake:3  | Reached skill level 10 in Summonings
 26074 | Snake:3  | Reached skill level 10 in Necromancy
 26074 | Snake:3  | Reached skill level 10 in Translocations
 26074 | Snake:3  | Reached skill level 10 in Transmutations
 26074 | Snake:3  | Reached skill level 10 in Fire Magic
 26074 | Snake:3  | Reached skill level 10 in Ice Magic
 26074 | Snake:3  | Reached skill level 10 in Air Magic
 26074 | Snake:3  | Reached skill level 10 in Earth Magic
 26074 | Snake:3  | Reached skill level 10 in Poison Magic
 26494 | Snake:3  | Found a runed translucent door.
 26495 | Snake:3  | Found a shimmering altar of Xom.
 26495 | Snake:3  | Noticed Pistre's ghost (adept DrMo)
 26522 | Snake:3  | Killed Pistre's ghost
 26526 | Snake:3  | Identified the +8 long sword of Gozag's Vengeance {heavy,
                  | ^Contam Dex+5 Stlth+}
 26651 | Snake:3  | Noticed Vashnia
 26818 | Snake:2  | HP: 6/133 [poisoned by a naga sharpshooter (splash of
                  | poison)]
 27735 | Snake:2  | Killed Vashnia
 28544 | Snake:3  | Found Yssisiet's Jewellery Boutique.
 28544 | Snake:3  | Found Xankem's Book Emporium.
 28545 | Snake:3  | Found Dahelor's Jewellery Boutique.
 28893 | Snake:4  | Learned a level 2 spell: Blink
 30252 | Snake:4  | Reached XP level 18. HP: 68/141 MP: 34/34
 31017 | Snake:4  | Got a serpentine rune of Zot
 31313 | Shoals:1 | Entered Level 1 of the Shoals
 32381 | Shoals:1 | Identified the +3 falchion of Ashenzari's Whim {distort,
                  | rElec rPois Int+5}
 33724 | Shoals:1 | Got Lumyechi's Essays on the Gang
 33729 | Shoals:1 | Learned a level 3 spell: Call Canine Familiar
 35603 | Shoals:2 | Noticed Ilsuiw
 35631 | Shoals:2 | Killed Ilsuiw
 35655 | Shoals:2 | Identified a scroll of acquirement
 35656 | Shoals:2 | Acquired 398 gold pieces
 37062 | Shoals:3 | Reached XP level 19. HP: 67/149 MP: 36/36
 37085 | Shoals:3 | Identified the +9 hand axe "Fyeru" {freeze, Fly Dex+3
                  | Stlth+}
 37531 | Shoals:4 | Entered Level 4 of the Shoals
 39594 | Shoals:4 | Noticed Donald
 39603 | Shoals:4 | Killed Donald
 40376 | Shoals:4 | Got a barnacled rune of Zot
 40691 | Shoals:4 | Identified the +0 plate armour of Itaeciwn {Str+4}
 41319 | Vaults:1 | Entered Level 1 of the Vaults
 41626 | Elf:1    | Entered Level 1 of the Elven Halls
 41951 | Elf:1    | Noticed a Brimstone Fiend
 41985 | Elf:1    | Got Queguse's Discourse on Accompaniment
 42104 | Elf:1    | Noticed Norris
 42122 | Elf:1    | Killed Norris
 43032 | Elf:2    | Identified the +0 robe "Vosiav Aka" {rF+++ Will+ Int+4}
 43756 | Elf:3    | Entered Level 3 of the Elven Halls
 43848 | Elf:2    | Reached skill level 15 in Unarmed Combat
 44416 | Elf:2    | Got Aggaonye's Vademecum on Momentum
 44658 | Elf:2    | Found a runed translucent gate.
 44659 | Elf:2    | Found a runed translucent gate.
 44659 | Elf:2    | Found a runed translucent gate.
 44775 | Elf:2    | Reached XP level 20. HP: 135/158 MP: 37/37
 44779 | Elf:2    | Learned a level 2 spell: Lesser Beckoning
 45612 | Elf:2    | Reached skill level 15 in Invocations
 46199 | Elf:3    | Paralysed by an air elemental for 1 turns
 46202 | Elf:3    | Paralysed by an air elemental for 1 turns
 46205 | Elf:3    | Paralysed by an air elemental for 1 turns
 46816 | Elf:3    | Found Zoberr's Antique Armour Shoppe.
 47768 | Elf:3    | Identified the ring "Xamaesh Caeng" {Fly rN+ Str+3 Int-4
                  | Dex+8}
 48158 | Elf:3    | Identified the ring of Zitoafong {rPois rC- Will+ Dex+2}
 48200 | Elf:3    | Noticed a Tzitzimitl
 48616 | Elf:3    | Identified the amulet "Licycaw" {Rampage Regen+ Dex+2 SInv}
 48671 | Elf:3    | Identified the ring "Duijaevi" {rPois rC+++ rCorr Str+4
                  | Dex-4}
 48936 | Elf:3    | Got the Handbook of the Evil Eye
 48946 | Elf:3    | Identified the +0 plate armour of Patience {rPois Str+8}
 48958 | Elf:3    | Got the Exposition on Alluring Ceraunoscopy
 48984 | Elf:3    | Identified the +7 orcbow of Disembowelment {drain, rC+}
 48986 | Elf:3    | Identified the +1 sling of the Moon {speed, +Blink rElec
                  | rF- Str-5}
 49033 | Elf:3    | Identified the staff of the Fortifying Queen {rElec rC+
                  | Air}
 50245 | Vaults:1 | HP: 7/160 [deep troll[an ironbound preserver] (4)]
 50245 | Vaults:1 | HP: 3/160 [deep troll[an ironbound preserver] (4)]
 51028 | Vaults:1 | Reached skill level 15 in Dodging
 51094 | Vaults:1 | Reached XP level 21. HP: 166/166 MP: 39/39
 51634 | Vaults:1 | Learned a level 4 spell: Vhi's Electric Charge
 51979 | Vaults:2 | Found Roczicim's Weapon Emporium.
 52036 | Vaults:2 | Identified the serpent talisman "Tocammemm" {Str+3}
 52036 | Vaults:2 | Noticed Aizul
 52051 | Vaults:2 | Killed Aizul
 53125 | Vaults:3 | Identified the +5 flail "Jomocaremn" {holy, Dex+3}
 53331 | Vaults:3 | Reached skill level 15 in Fighting
 53406 | Vaults:3 | Reached skill level 15 in Shapeshifting
 53425 | Vaults:3 | Annihilated by a titanic slime creature

Illustrated notes

Levels and vault maps discovered:
D:1:      roadster_arrival_rocket_small, layout_basic, basic_ecumenical_altar,
          minmay_misc_feat_x
D:2:      layout_basic, basic_altar, minmay_cut_off, uniq_jessica
D:3:      layout_rooms, uniq_terence, uniq_grinder, uniq_robin
D:4:      layout_basic, nicolae_overflow_two_pavilions,
          mainiacjoe_overflow_catwalk, uniq_pikel
D:5:      layout_loops_ring, uniq_crazy_yiuf_cottage
D:6:      layout_cave_pods, gup_sewer_entry_glass, uniq_eustachio
D:7:      layout_rooms, temple_pool_b, enter_bailey_2, uniq_maurice
D:8:      layout_rooms, david_lair_shrubbed, hangedman_abyss_or_decor_passed,
          minivault_23, nicolae_doodle_vault
D:9:      layout_irregular_city, fedhas_bush_and_centaur_altar, serial_shops,
          kennysheep_little_box
D:10:     layout_grid_maze, grunt_dithmenos_smoke,
          hellmonk_guarded_unrand_gyre_and_gimble
D:11:     layout_loops_corners, uniq_erolcha, uniq_grum
D:12:     minmay_the_grid_octo_2x2 [minmay_the_grid_octo_clover,
          minmay_the_grid_octo_empty, minmay_the_grid_octo_concentric,
          minmay_the_grid_octo_prize_star], layout_cave_pools, uniq_fannar,
          uniq_frances
D:13:     layout_rooms, enter_trove_2, kennysheep_just_a_vault
D:14:     layout_roguey, david_vaults_2,
          nicolae_gozag_cash_rules_everything_around_me, vehumet_altar_wand_db,
          uniq_kirke
D:15:     grunt_enter_depths_magical_seal, layout_basic,
          hangedman_decor_opposing, minmay_shop_mayhem
Lair:1:   layout_regular_city, minmay_holes, beast_lair_carwin_4,
          lemuel_fruit_fields
Lair:2:   layout_regular_city, dummy_snake_entry, beast_lair_carwin_7
Lair:3:   layout_misc_corridors, minmay_shoals_entry_beasts,
          gauntlet_entry_generic, grunt_megastairs_1
Lair:4:   layout_cave_pods, minivault_24, nicolae_quartered_pool_medium
Lair:5:   due_jungle_book, layout_misc_corridors, slime_entry_1, st_stairs_3,
          kilobyte_rumbling_trees, lemuel_fruit_fields
Shoals:1: nicolae_shoals_lighthouse, layout_shoals
Shoals:2: layout_shoals, uniq_ilsuiw
Shoals:3: layout_shoals
Shoals:4: shoals_end_simple, layout_shoals, uniq_donald
Snake:1:  layout_onion_interference, gammafunk_ghost_wrathful_warriors,
          nicolae_snake_slithery_hallway, st_stairs_7, lemuel_oklob_altar,
          uniq_agnes, uniq_azrael
Snake:2:  layout_misc_corridors, serial_shops, shop, serial_bayou_shore_b,
          uniq_asterion
Snake:3:  layout_grid_shapes, ebering_ghost_xom, minmay_shop_grove, uniq_vashnia
Snake:4:  johnstein_snake_rune_scales, layout_chambers,
          nicolae_snake_the_dead_are_slithering
Orc:1:    layout_diamond_mine, minmay_orc_keep
Orc:2:    grunt_orc_gardens, layout_caves, grunt_orc_garden, grunt_orc_garden,
          grunt_orc_garden, grunt_orc_garden, nicolae_shop_overcharged_wands
Elf:1:    layout_onion_city, minmay_elf_demonology, uniq_norris
Elf:2:    nicolae_elf_blades_crystal_corner, layout_loops_cross, minivault_23,
          minmay_elf_annihilation
Elf:3:    elf_hall, layout_geoelf_octagon, serial_glass, glass_columns_a,
          glass_columns_b, serial_shops, shop,
          nicolae_elf_loose_elemental_storage
Vaults:1: portal_desolation_entry_salt, nicolae_vaults_variable_pillar_hall,
          nicolae_vaults_murder_corner, v_misc_26, nicolae_vaults_asterisk,
          nicolae_vaults_cornered_office, v_misc_30, hangedman_vaults_snaps,
          vaults_room_fours, ontoclasm_vaults_ring_square,
          nicolae_vaults_what_the_h, ontoclasm_vaults_ligature,
          vaults_mumra_lcd, layout_vaults_maze_bifur
Vaults:2: nicolae_vaults_little_squares_5, v_misc_25,
          nicolae_vaults_little_squares_2, ontoclasm_vaults_ring_square,
          nicolae_vaults_shock_wave, vaults_room_door_ring, grunt_vaults_funnel,
          nicolae_vaults_trapezoid_4, nicolae_vaults_sesquioval_fish, v_misc_9,
          nicolae_vaults_double_plus_1, nicolae_vaults_house_1,
          nicolae_vaults_tetromino_L_2, nicolae_vaults_tetromino_Z_1,
          layout_vaults_chaotic_city, serial_shops, nicolae_shop_waterfront,
          uniq_aizul
Vaults:3: ontoclasm_vaults_fault, nicolae_vaults_variable_pillar_hall,
          nicolae_vaults_double_plus_2, v_alt_pattern_4, nicolae_vaults_prndl,
          v_misc_22, ontoclasm_vaults_gateway, nicolae_vaults_wine_cellar,
          vaults_room_stairs_pillars, vaults_mumra_minichess_inversion,
          dpeg_vaults_monster_box, vaults_standard_mumra_lines,
          grunt_vaults_swirl, blue_anna_dwarven_crypt, vaults_dpeg_cross,
          ontoclasm_vaults_chip, nicolae_vaults_tetromino_Z_2,
          layout_vaults_ring

Skill      XL: |  1  2  3  4  5  6  7  8  9 10 11 12 13 14 15 16 17 18 19 20 21 |
---------------+----------------------------------------------------------------+-----
Short Blades   | 1 2 3 4 5 6 7 9 10 11 12 13 14 | 14.8
Long Blades    | 1 2 3 4 5 6 7 9 10 11 12 13 14 | 14.8
Axes           | 1 2 3 4 5 6 7 9 10 11 12 13 14 | 14.8
Maces & Flails | 1 2 3 4 5 6 7 9 10 11 12 13 14 | 14.8
Polearms       | 1 2 3 4 5 6 7 9 10 11 12 13 14 | 14.8
Staves         | 1 2 3 4 5 6 7 9 10 11 12 13 14 | 14.8
Ranged Weapons | 1 2 3 4 5 6 7 9 10 11 12 13 14 | 14.8
Throwing       | 1 2 3 4 5 6 7 9 10 11 12 13 14 | 14.8
Armour         | 1 2 3 4 5 6 7 9 10 11 12 13 14 | 14.8
Stealth        | 1 2 3 4 5 6 7 9 10 11 12 13 14 | 14.8
Shields        | 1 2 3 4 5 6 7 9 10 11 12 13 14 | 14.8
Spellcasting   | 1 2 3 4 5 6 7 9 10 11 12 13 14 | 14.8
Invocations    | 1 2 3 4 5 6 7 8 9 10 11 12 13 14 15 16 | 16.0
Evocations     | 1 2 3 4 5 6 7 9 10 11 12 13 14 | 14.8
Conjurations   | 1 2 3 4 5 6 7 8 9 10 11 12 | 12.5
Hexes          | 1 2 3 4 5 6 7 8 9 10 11 12 | 12.5
Summonings     | 1 2 3 4 5 6 7 8 9 10 11 12 | 12.5
Necromancy     | 1 2 3 4 5 6 7 8 9 10 11 12 | 12.5
Translocations | 1 2 3 4 5 6 7 8 9 10 11 12 | 12.5
Transmutations | 1 2 3 4 5 6 7 8 9 10 11 12 | 12.5
Fire Magic     | 1 2 3 4 5 6 7 8 9 10 11 12 | 12.5
Ice Magic      | 1 2 3 4 5 6 7 8 9 10 11 12 | 12.5
Air Magic      | 1 2 3 4 5 6 7 8 9 10 11 12 | 12.5
Earth Magic    | 1 2 3 4 5 6 7 8 9 10 11 12 | 12.5
Poison Magic   | 1 2 3 4 5 6 7 8 9 10 11 12 | 12.5
Fighting       | 3 4 5 6 7 8 9 10 11 12 13 14 15 | 15.0
Dodging        | 5 6 7 8 9 10 11 12 13 14 15 | 15.4
Unarmed Combat | 7 8 9 10 11 12 13 14 15 16 | 16.0
Shapeshifting  | 7 8 9 10 11 12 13 14 15 | 15.0

Action                     |  1- 3 |  4- 6 |  7- 9 | 10-12 | 13-15 | 16-18 | 19-21 || total
---------------------------+-------+-------+-------+-------+-------+-------+-------++-------
  Melee: Unarmed           |    99 |   132 |   399 |   440 |       |       |       ||  1070
         Bite              |    11 |    14 |    37 |   178 |   304 |   573 |   704 ||  1821
         Punch             |     1 |       |       |       |       |       |    72 ||    73
         Pair of quick bla |       |       |       |   527 |  1784 |  3215 |  3089 ||  8615
         Trident           |       |       |       |     2 |       |       |       ||     2
         Quick blade       |       |       |       |       |       |       |   386 ||   386
         Trishula          |       |       |       |       |       |       |    37 ||    37
  Throw: Boomerang         |       |       |       |     1 |       |       |     4 ||     5
         Dart              |       |       |       |     5 |     3 |       |       ||     8
   Cast: Frozen Ramparts   |       |       |     1 |     6 |     1 |       |     1 ||     9
         Tukima's Dance    |       |       |     1 |       |     1 |       |       ||     2
         Volatile Blastmot |       |       |       |     7 |       |     2 |       ||     9
         Dazzling Flash    |       |       |       |     2 |    12 |     5 |     6 ||    25
         Summon Forest     |       |       |       |       |     2 |     1 |     1 ||     4
         Silence           |       |       |       |       |     1 |       |       ||     1
         Mephitic Cloud    |       |       |       |       |       |    14 |    26 ||    40
         Ignite Poison     |       |       |       |       |       |     8 |     6 ||    14
         Blink             |       |       |       |       |       |     5 |     3 ||     8
         Lesser Beckoning  |       |       |       |       |       |       |     6 ||     6
         Vhi's Electric Ch |       |       |       |       |       |       |    14 ||    14
 Invoke: Serpent's Lash    |       |       |       |     1 |       |     1 |     1 ||     3
Ability: Lunge             |       |     6 |    49 |    67 |   131 |   169 |   121 ||   543
         Whirlwind         |       |       |    33 |    79 |    60 |    78 |    94 ||   344
         Wall Jump         |       |       |    14 |    59 |    47 |    51 |    63 ||   234
  Evoke: Wand              |       |       |     2 |     6 |       |       |       ||     8
         Lightning rod     |       |       |       |       |       |     1 |     2 ||     3
         Condenser vane    |       |       |       |       |       |       |     2 ||     2
         Box of beasts     |       |       |       |       |       |       |     1 ||     1
    Use: Potion            |     1 |     1 |       |     1 |       |     7 |     9 ||    19
         Scroll            |       |     1 |     8 |     8 |     8 |    10 |     6 ||    41
   Stab: Sleeping          |       |       |     1 |     3 |    41 |    10 |     2 ||    57
         Invisible         |       |       |     2 |     2 |    13 |     4 |     5 ||    26
         Distracted        |       |       |       |     2 |     6 |     2 |       ||    10
         Confused          |       |       |       |       |       |     8 |    18 ||    26
 Armour: Skin              |    31 |    42 |    89 |   182 |       |       |       ||   344
         Animal skin       |     4 |       |       |       |       |       |       ||     4
         Plate armour      |       |       |       |    74 |       |   679 |   678 ||  1431
         Troll leather arm |       |       |       |    39 |    67 |       |       ||   106
         Robe              |       |       |       |       |   148 |    87 |       ||   235
  Dodge: Dodged            |    71 |   102 |   295 |   468 |   260 |   389 |   299 ||  1884
  Block: Other             |       |       |       |       |       |    93 |    96 ||   189
         Reflection        |       |       |       |       |       |    32 |    23 ||    55
   Form: Flux              |     1 |       |       |       |       |       |       ||     1
         Beast             |       |       |       |     1 |     1 |       |       ||     2
                           |       |       |       |       |     1 |       |       ||     1

Table legend: (Time is in decaauts)
 A = Elapsed time spent in this place.
 B = Non-inter-level travel time spent in this place.
 C = Inter-level travel time spent in this place.
 D = Time resting spent in this place.
 E = Time spent auto-exploring this place.
 F = Levels seen in this place.
 G = Mean time per level.
                   A        B        C        D        E       F      G
               +--------+--------+--------+--------+--------+-----+--------+
         Total |  53342 |  48179 |   5163 |  10421 |  20276 |  39 | 1367.7 |
       Dungeon |  16088 |  13366 |   2722 |    821 |   6750 |  15 | 1072.5 |
          Lair |   5666 |   4882 |    784 |    176 |   2923 |   5 | 1133.2 |
        Shoals |   9537 |   9275 |    262 |   3745 |   2734 |   4 | 2384.2 |
     Snake Pit |   7640 |   7277 |    363 |   2369 |   2698 |   4 | 1910.0 |
  Orcish Mines |   2172 |   1534 |    638 |     24 |    850 |   2 | 1086.0 |
   Elven Halls |   7419 |   7092 |    327 |   2862 |   2173 |   3 | 2473.0 |
        Vaults |   3251 |   3186 |     65 |    286 |   1984 |   3 | 1083.7 |
         Sewer |    282 |    282 |      0 |      0 |     81 |   1 |  282.0 |
        Bailey |    661 |    661 |      0 |    128 |     12 |   1 |  661.0 |
      Gauntlet |    622 |    622 |      0 |     10 |     69 |   1 |  622.0 |
               +--------+--------+--------+--------+--------+-----+--------+

Top non-repeatable levels by time:
Shoals:1: 3985 daAuts
   Elf:2: 2793 daAuts
 Snake:2: 2498 daAuts
   Elf:1: 2345 daAuts
 Snake:4: 2289 daAuts
   Elf:3: 2280 daAuts
Shoals:4: 2092 daAuts
    D:10: 2028 daAuts
Shoals:3: 1953 daAuts
     D:8: 1930 daAuts
 Snake:1: 1694 daAuts
Vaults:1: 1681 daAuts
Shoals:2: 1506 daAuts
  Lair:5: 1379 daAuts
Vaults:2: 1358 daAuts
